 Dungeon Crawl Stone Soup version 0.30-a0-457-g4b7bca3bfa (webtiles) character file.

Game seed: 12938187824222880585

266 kae the Insei (level 6, 0/47 HPs)
             Began as a Draconian Transmuter on Dec 13, 2022.
             Was an Initiate of Ru.
             Slain by an ufetubus (2 damage)
             ... on level 5 of the Dungeon.
             The game lasted 00:03:09 (3733 turns).

kae the Insei (Draconian Transmuter)                Turns: 3733, Time: 00:03:09

Health: 0/47       AC:  2    Str: 12    XL:     6   Next: 0%
Magic:  9/11       EV: 19    Int: 15    God:    Ru [......]
Gold:   205        SH:  0    Dex: 17    Spells: 2/12 levels left

rFire   . . .      SeeInvis .      - Unarmed
rCold   . . .      Faith    .    (shield currently unavailable)
rNeg    . . .      Spirit   .    (body armour unavailable)
rPois   x          Reflect  .    (helmet currently unavailable)
rElec   .          Harm     .    (cloak currently unavailable)
rCorr   .          Rampage  .    (gloves currently unavailable)
Will    .....                    (boots currently unavailable)
Stlth   ++........               (no amulet)
HPRegen 0.27/turn                (no ring)
MPRegen 0.12/turn                (no ring)

@: lethally poisoned (0 -> -26), spider-form (expiring)
A: venomous fangs, AC +6, tiny, unfitting armour, (cold-blooded)
a: End Transformation, Renounce Religion


You were on level 5 of the Dungeon.
You worshipped Ru.
Ru was noncommittal.
You were a venomous arachnid creature.
You visited 1 branch of the dungeon, and saw 5 of its levels.

You collected 205 gold pieces.


Innate Abilities, Weirdness & Mutations

You are a venomous arachnid creature.
You have poisonous fangs.
You are tiny and dextrous.
Your spellcasting is less reliable in this form.
Your armour is entirely melded.
You are incapable of wielding weapons or throwing items.
((Your plain brown scales are hard. (AC +6)))
You cannot fit into any form of body armour.
((You are cold-blooded and may be slowed by cold attacks.))


   Skills:
 - Level 1.1 Fighting
 - Level 1.7 Dodging
 + Level 4.4 Unarmed Combat
 + Level 3.5 Spellcasting
 + Level 3.8 Transmutations
 + Level 1.3 Ice Magic


You had 2 spell levels left.
You knew the following spells:

 Your Spells              Type           Power      Damage    Failure   Level
a - Beastly Appendage     Tmut           28%        N/A       12%         1
b - Wereblood             Tmut           14%        N/A       17%         2
c - Spider Form           Tmut/Pois      8%         N/A       47%         3
d - Ice Form              Ice/Tmut       10%        N/A       75%         4

Your spell library contained the following spells:

 Spells                   Type           Power      Damage    Failure   Level
 Kiss of Death            Conj/Necr      8%         2d6       38%         1
 Necrotise                Necr           8%         1d4       38%         1
 Confusing Touch          Hex            2%         N/A       71%         3
 Portal Projectile        Hex/Tloc       4%         N/A       71%         3
 Tukima's Dance           Hex            2%         N/A       71%         3
 Vampiric Draining        Necr           2%         2d6       71%         3
 Blade Hands              Tmut           7%         N/A       87%         5
 Dispel Undead            Necr           2%         3d7       96%         4
 Olgreb's Toxic Radiance  Pois           2%         N/A       96%         4
 Agony                    Necr           2%         N/A       100%        5
 Ozocubu's Refrigeration  Ice            3%         4d8       100%        7
 Ignition                 Fire           1%         3d3       100%        8

Inventory:

Hand Weapons
 c - a +0 whip
   (You found it on level 1 of the Dungeon)
 o - a +2 short sword of venom (melded)
   (You took it off a kobold on level 2 of the Dungeon)
Missiles
 n - 28 stones
 t - 6 boomerangs
 v - a throwing net {=f!f}
Armour
 g - a +1 cloak (melded)
   (You found it on level 2 of the Dungeon)
Magical Staves
 i - a staff of conjuration {!a}
   (You found it on level 3 of the Dungeon)
 s - a staff of death {!a}
   (You found it on level 3 of the Dungeon)
Jewellery
 I - a +6 ring of intelligence
   (You took it off an orc on level 4 of the Dungeon)
Wands
 p - a wand of digging (2)
   (You found it on level 2 of the Dungeon)
 w - a wand of light (7)
   (You found it on level 3 of the Dungeon)
 y - a wand of flame (15)
   (You found it on level 4 of the Dungeon)
Scrolls
 e - 2 scrolls of fog
 j - a scroll of vulnerability {!r!r}
 u - 2 scrolls of teleportation {@r4}
 B - a scroll of fear {unknown}
 C - a scroll of identify {@r1}
Potions
 a - a potion of lignification {!q}
 b - 3 potions of curing {@q1}
 d - a potion of flight {unknown}
 f - 4 potions of attraction {unknown}
 h - 4 potions of heal wounds {unknown}
 k - a potion of resistance {unknown}
 l - 2 potions of mutation {!q}
 m - 2 potions of degeneration {unknown}
 q - a potion of might
 r - a potion of haste {unknown}
 x - 2 potions of ambrosia {unknown}
 z - a potion of berserk rage {unknown}
 A - a potion of brilliance {unknown}
 D - a potion of magic {unknown}

Dungeon Overview and Level Annotations

Branches:
Dungeon (5/15) Zot: 26246
 Temple: D:4-7

Altars:
Cheibriados
Dithmenos
Elyvilon
Kikubaaqudgha
Qazlal
Ru
Sif Muna
Trog
Uskayaw
Vehumet
Yredelemnul
Zin
The Shining One

Annotations:
D:4 2 transporters

.# .# #... .####.
#####...#
.....<........5#
.........# #...#
.####.##.# #...# ..#
#.##.# #...######### ..#
#.##.# #...5?....... ..#
#.##.# #.#..sā€ ......
..###.##.###.#..########
......................
##.#######.####.#####.
##.# #.# #.# ...# #.#
#.# #### #.# ... #.# #.#
#.. .#


You could see an ufetubus.


Message History

You hit the hound.
The hound looks even sicker.
The hound bites you but does no damage. šŸ˜• HP[+1] MP[+1]
You closely miss the hound.
You kill the hound!
The scorpion barely misses you.
You hit the scorpion but do no damage.
The scorpion is poisoned.
The scorpion misses you.
You hit the scorpion but do no damage. The scorpion closely misses you.
You hit the scorpion but do no damage.
The scorpion looks even sicker.
The scorpion stings you.
You hit the scorpion but do no damage.
The scorpion closely misses you. šŸ˜® HP[-4]
You take 4 damage, and now have 29/40 hp.
You hit the scorpion.
The scorpion looks as sick as possible!
The scorpion closely misses you.
Unknown command.
You completely miss the scorpion.
Your transformation is almost over.
You kill the scorpion!
Your Ice Magic skill increases to level 1!
You have reached level 6!
Your scales feel tougher. šŸ˜® HP[+5]
You now have 47 max hp (+7).
You regained 5 hp, and now have 34/47 hp.
Unknown command.
Your transformation has ended.
Your +2 short sword of venom unmelds from your body.
Your +1 cloak unmelds from your body.
Your +2 short sword of venom begins to drip with poison! šŸ˜• HP[+3] MP[+1]
You regained 3 hp, and now have 37/47 hp.
You see here a scorpion corpse.
D - a blue potion šŸ˜Ž HP[+10] MP[+4]
Your hp is fully restored (47).
Your mp is fully restored (11).
Unknown command.
You pick up a book of Touch and begin reading...
You add the spells Kiss of Death, Confusing Touch and Dispel Undead to your library.
Found a stone staircase leading up.
Unknown command.
A scorpion comes into view.
A scorpion is nearby!
A scorpion is nearby!
Casting: Spider Form (dangerous; 26% risk of failure)
Confirm with . or Enter, or press ? or * to list all spells.
You turn into a venomous arachnid creature.
Your +2 short sword of venom melds into your body.
Your +1 cloak melds into your body.
Your +2 short sword of venom stops dripping with poison. šŸ˜Ž MP[-3]
You lost 3 mp, and now have 8/11 mp.
A scorpion is nearby!
An ufetubus comes into view.
The ufetubus shouts!
The scorpion completely misses you.
You barely miss the scorpion. The scorpion stings you! šŸ˜• HP[-7]
You take 7 damage, and now have 40/47 hp.
You bite the scorpion! The scorpion closely misses you.
You barely miss the scorpion. The ufetubus barely misses you.
The ufetubus hits you. The scorpion stings you.
You are poisoned.
The scorpion poisons you! šŸ˜® HP[-6]
You take 6 damage, and now have 34/47 hp.
You barely miss the scorpion.
You feel very sick.
The ufetubus hits you. x2; The scorpion misses you.
The ufetubus completely misses you. The ufetubus hits you.
* * * LOW HITPOINT WARNING * * *
You are too injured to fight recklessly!
You are too injured to fight recklessly! šŸ˜Ø HP[-12]
You take 12 damage, and now have 22/47 hp.
MASSIVE DAMAGE!! (PAUSE)
You barely miss the scorpion.
* * * LOW HITPOINT WARNING * * *
You feel very sick. The scorpion closely misses you.
The ufetubus completely misses you.
The ufetubus misses you. šŸ˜Ø HP[-4] MP[+1]
You take 4 damage, and now have 18/47 hp.
You hit the scorpion.
The scorpion is poisoned.
Your transformation is almost over.
* * * LOW HITPOINT WARNING * * *
You feel very sick. The scorpion stings you.
* * * LOW HITPOINT WARNING * * *
You are more poisoned.
The scorpion poisons you!
The ufetubus closely misses you. x2 šŸ˜± HP[-8]
You take 8 damage, and now have 10/47 hp.
You hit the scorpion.
You kill the scorpion!
* * * LOW HITPOINT WARNING * * *
You feel extremely sick. The ufetubus hits you.
You die...

Skill      XL: |  1  2  3  4  5 |
---------------+----------------+-----
Transmutations | 3 |  3.8
Spellcasting   | 3 |  3.5
Unarmed Combat | 4 |  4.4
Ice Magic      | 1 |  1.3
Fighting       | |  1.1
Dodging        | |  1.7

Action                   |  1- 3 |  4- 6 || total
-------------------------+-------+-------++-------
Melee: Whip              |    84 |       ||    84
       Headbutt          |    11 |     8 ||    19
       Kick              |    11 |     9 ||    20
       Tailslap          |     7 |     2 ||     9
       Unarmed           |     1 |    25 ||    26
       Punch             |     3 |       ||     3
       Short sword       |    28 |    59 ||    87
 Cast: Beastly Appendage |    19 |     9 ||    28
       Wereblood         |     1 |     1 ||     2
       Spider Form       |       |     5 ||     5
  Use: Scroll            |     8 |     1 ||     9
       Potion            |       |     2 ||     2
 Stab: Sleeping          |     1 |       ||     1
Armor: Skin              |    52 |    15 ||    67
Dodge: Dodged            |    86 |    71 ||   157

Levels and vault maps discovered:
D:1:      roderic_chinese_lattice_arrival, layout_loops_ring
D:2:      layout_loops_ring, basic_altar
D:3:      layout_basic, hex_large, hangedman_abyss_or_decor_lesser_grid
D:4:      gammafunk_wand_slinger, layout_loops_ring, nicolae_overflows_in_rows,
          serial_bayou, serial_bayou_pond_c, serial_bayou_pond_d,
          serial_bayou_shore_b, serial_bayou_shore_b
D:5:      layout_loops_ring

Notes
Turn   | Place    | Note
-------+----------+-------------------------------------------
     0 | D:1      | kae the Draconian Transmuter began the quest for the Orb.
     0 | D:1      | Reached XP level 1. HP: 16/16 MP: 3/3
     0 | D:1      | magus.rc [v1.11.3]
   164 | D:1      | Reached XP level 2. HP: 17/23 MP: 5/5
   968 | D:2      | You add the spells Olgreb's Toxic Radiance, Ozocubu's
                  | Refrigeration and Ignition to your library.
   979 | D:2      | Found a snail-covered altar of Cheibriados.
  1083 | D:2      | Reached XP level 3. HP: 22/28 MP: 4/6
  1086 | D:2      | Learned a level 2 spell: Wereblood
  1090 | D:2      | Learned a level 3 spell: Spider Form
  1791 | D:3      | Reached skill level 3 in Transmutations
  1791 | D:3      | Reached XP level 4. HP: 35/35 MP: 4/8
  1872 | D:3      | HP: 2/35 [gnoll/+2 halberd of venom (8)]
  1979 | D:2      | HP: 4/35 [poisoned by a gnoll]
  1980 | D:2      | Reached skill level 3 in Spellcasting
  2113 | D:3      | Reached skill level 4 in Unarmed Combat
  2261 | D:3      | You pick up a book of Necromancy and begin reading...
  2261 | D:3      | You add the spells Necrotise, Vampiric Draining and Agony
                  | to your library.
  2557 | D:3      | Identified the +0 chain mail of the Original Sin {Int+2}
  2723 | D:4      | Reached XP level 5. HP: 40/40 MP: 9/9
  2753 | D:4      | Learned a level 4 spell: Ice Form
  2796 | D:4      | You pick up a book of Weapons and begin reading...
  2796 | D:4      | You add the spells Tukima's Dance, Portal Projectile and
                  | Blade Hands to your library.
  2932 | D:4      | Found a hide-covered altar of Uskayaw.
  2933 | D:4      | Found a shadowy altar of Dithmenos.
  2933 | D:4      | Found a bloodstained altar of Trog.
  2934 | D:4      | Found a radiant altar of Vehumet.
  2935 | D:4      | Found a glowing silver altar of Zin.
  2935 | D:4      | Found a sacrificial altar of Ru.
  2936 | D:4      | Found a white marble altar of Elyvilon.
  2937 | D:4      | Found a glowing golden altar of the Shining One.
  2937 | D:4      | Found an ancient bone altar of Kikubaaqudgha.
  2938 | D:4      | Found a basalt altar of Yredelemnul.
  2939 | D:4      | Found a shimmering blue altar of Sif Muna.
  2939 | D:4      | Found a snail-covered altar of Cheibriados.
  2940 | D:4      | Found a stormy altar of Qazlal.
  2943 | D:4      | Became a worshipper of Ru the Awakened
  3324 | D:4      | Found a transporter.
  3362 | D:4      | Noticed a kobold demonologist
  3365 | D:4      | Found a transporter.
  3541 | D:5      | Entered Level 5 of the Dungeon
  3649 | D:5      | Reached skill level 1 in Ice Magic
  3649 | D:5      | Reached XP level 6. HP: 34/47 MP: 6/11
  3704 | D:5      | You pick up a book of Touch and begin reading...
  3704 | D:5      | You add the spells Kiss of Death, Confusing Touch and
                  | Dispel Undead to your library.
  3732 | D:5      | HP: 10/47 [scorpion (4)]
  3733 | D:5      | HP: 2/47 [poisoned by a scorpion]
  3733 | D:5      | Slain by an ufetubus

Vanquished Creatures
  2 scorpions (D:5)
  A hound (D:5)
  An orc priest (D:3)
  An iguana (D:4)
  4 gnolls
  An ufetubus (D:4)
  A dart slug (D:4)
  7 orcs
  5 bats
  7 endoplasms
  5 giant cockroaches
  3 goblins
  5 hobgoblins
  4 jackals (D:1)
  A kobold (D:2)
  5 quokkas
  8 ball pythons
  5 frilled lizards
  5 rats
71 creatures vanquished.

Vanquished Creatures (others)
  A plant (D:4)
1 creature vanquished.

Grand Total: 72 creatures vanquished

Table legend:
 A = Non-vault XP
 B = Vault XP
 C = Vault XP percentage of total XP
 D = Non-vault monster count
 E = Vault monster count
 F = Vault count percentage of total count
                 A         B        C        D         E       F
            +---------+---------+-------+---------+---------+-------
      Total |     460 |       0 |   0.0 |      71 |       0 |   0.0
            +---------+---------+-------+---------+---------+-------
        D:1 |      30 |       0 |   0.0 |      18 |       0 |   0.0
        D:2 |      36 |       0 |   0.0 |      14 |       0 |   0.0
        D:3 |     110 |       0 |   0.0 |      19 |       0 |   0.0
        D:4 |      78 |       0 |   0.0 |      17 |       0 |   0.0
        D:5 |     206 |       0 |   0.0 |       3 |       0 |   0.0
            +---------+---------+-------+---------+---------+-------

Illustrated notes

Table legend:
 A = Kills in this place as a percentage of kills in entire the game.
 B = Kills by you in this place as a percentage of kills by you in the entire game.
 C = Kills by friends in this place as a percentage of kills by friends in the entire game.
 D = Other kills in this place as a percentage of other kills in the entire game.
 E = Experience gained in this place as a percentage of experience gained in the entire game.
 F = Experience gained in this place divided by the number of levels of this place that you have seen.
                   A       B       C       D       E      F
               +-------+-------+-------+-------+-------+----------------------
         Total | 100.0 | 100.0 |   N/A |   N/A | 100.0 |  92.0
       Dungeon | 100.0 | 100.0 |   N/A |   N/A | 100.0 |  92.0
               +-------+-------+-------+-------+-------+----------------------

Table legend: (Time is in decaauts)
 A = Elapsed time spent in this place.
 B = Non-inter-level travel time spent in this place.
 C = Inter-level travel time spent in this place.
 D = Time resting spent in this place.
 E = Time spent auto-exploring this place.
 F = Levels seen in this place.
 G = Mean time per level.
                   A        B        C        D        E       F      G
               +--------+--------+--------+--------+--------+-----+--------+
         Total |   3752 |   3630 |    122 |    155 |   2896 |   5 |  750.4 |
       Dungeon |   3752 |   3630 |    122 |    155 |   2896 |   5 |  750.4 |
               +--------+--------+--------+--------+--------+-----+--------+

Top non-repeatable levels by time:
     D:2: 932 daAuts
     D:4: 887 daAuts
     D:3: 886 daAuts
     D:1: 856 daAuts
     D:5: 190 daAuts
